 Dungeon Crawl Stone Soup version 0.31-a0-702-gf82c85558f (webtiles) character file.

Game seed: 10444840528655678490

359 qw the Shooter (level 6, -1/37 HPs)
             Began as a Gargoyle Hunter on Sept 7, 2023.
             Slain by an ogre
             ... wielding a +0 giant club
              (17 damage)
             ... on level 4 of the Dungeon.
             The game lasted 00:01:02 (2813 turns).

qw the Shooter (Gargoyle Hunter)                    Turns: 2813, Time: 00:01:02

Health: -1/37      AC:  9    Str: 15    XL:     6   Next: 65%
Magic:  0/6        EV: 11    Int:  9    God:
Gold:   164        SH:  0    Dex: 15    Spells: 5/5 levels left

rFire   . . .        Y - +0 shortbow
rCold   . . .        (shield currently unavailable)
rNeg    + . .        d - +0 ring mail
rPois   inf          (no helmet)
rElec   +            (no cloak)
rCorr   .            (no gloves)
SInv    .            (no boots)
Will    .....        e - amulet of guardian spirit
Stlth   +            (no ring)
HPRegen 0.26/turn    (no ring)
MPRegen 0.10/turn

%: guardian spirit
@: no status effects
A: sickness immunity, AC +4, negative energy resistance 1, electricity
resistance, torment resistance 1, petrification resistance
a: no special abilities


You were on level 4 of the Dungeon.
You visited 1 branch of the dungeon, and saw 4 of its levels.

You collected 164 gold pieces.


Innate Abilities, Weirdness & Mutations

You are immune to sickness and miasma.
Your stone body is resilient. (AC +4)
You are immune to poison.
You resist negative energy. (rN+)
You are resistant to electric shocks. (rElec)
You are resistant to unholy torment.
You are immune to petrification.


   Skills:
 + Level 3.6 Fighting
 - Level 7.1 Ranged Weapons
 - Level 1.0 Armour
 - Level 1.5 Dodging
 - Level 1.1 Stealth


You had 5 spell levels left.
You didn't know any spells.
Your spell library was empty.

Inventory:

Hand Weapons
 Y - a +0 shortbow (weapon)
Armour
 d - a +0 ring mail (worn)
Jewellery
 e - an amulet of guardian spirit (around neck)
Scrolls
 f - a scroll of identify
Potions
 a - a potion of heal wounds {unknown}
 b - a potion of curing

Dungeon Overview and Level Annotations

Branches:
Dungeon (4/15)
 Temple: D:4-7

Altars:


Message History

You open the door.
There is an open door here.
You feel less attractive to monsters.
You see here a +0 dagger.
There is a stone staircase leading down here.
You climb downwards.
Found a red potion.
There is a stone staircase leading up here.
A giant cockroach is nearby!
Waypoint 3 assigned to D:4.
You shoot an arrow. The arrow hits the giant cockroach!
You kill the giant cockroach!
Found a stone staircase leading up.
a - a red potion
There is a stone staircase leading up here.
You see here a giant cockroach corpse.
An ogre comes into view. It is wielding a +0 giant club.
The ogre shouts!
You shoot an arrow. The arrow barely misses the ogre.
You shoot an arrow. The arrow barely misses the ogre.
You shoot an arrow. The arrow hits the ogre.
The ogre is lightly wounded.
You shoot an arrow. The arrow hits the ogre.
The ogre is moderately wounded.
The ogre hits you with a +0 giant club!
You shoot an arrow. The arrow hits the ogre.
The ogre is moderately wounded.
The ogre misses you.
You shoot an arrow.
The arrow hits the ogre but does no damage.
The ogre is moderately wounded.
The ogre hits you with a +0 giant club!
You shoot an arrow. The arrow completely misses the ogre.
The ogre barely misses you.
You shoot an arrow. The arrow hits the ogre.
The ogre is heavily wounded.
You shoot an arrow. The arrow hits the ogre.
The ogre is heavily wounded.
The ogre hits you with a +0 giant club!!
You die...

#.## ... ..# ..#
######## ..
#......# #.
#.####.#
#.####.####.#
#.###.........#.#
#....O@###.##.#.#
#####.##
#.##.#.### ...
#%.......# #...
##.#.###<# #...
#.......# #...
#.#..##.# #...
#.##.##.# ####
#.##..#.#
#..<....#


You could see an ogre.

Vanquished Creatures
  Grinder (D:3)
  Terence (D:3)
  4 gnolls (D:3)
  2 adders (D:3)
  4 worms
  A dart slug (D:1)
  4 orcs (D:3)
  5 ball pythons
  5 endoplasms
  A giant cockroach (D:4)
  7 goblins
  6 hobgoblins
  5 jackals (D:3)
  4 quokkas
  5 bats
  4 frilled lizards
  9 kobolds
  4 rats
72 creatures vanquished.

Notes
Turn   | Place    | Note
-------+----------+-------------------------------------------
     0 | D:1      | qw the Gargoyle Hunter began the quest for the Orb.
     0 | D:1      | Reached XP level 1. HP: 12/12 MP: 1/1
     0 | D:1      | 0 ||| qw: Version: 0.3-a-76-g4403597
     0 | D:1      | 0 ||| qw: Game counter: 854
     0 | D:1      | 0 ||| qw: Melee chars always use a shield: true
     0 | D:1      | 0 ||| qw: God list: Okawaru
     0 | D:1      | 0 ||| qw: Allow faded altars: false
     0 | D:1      | 0 ||| qw: Do Orc after clearing Dungeon:15 true
     0 | D:1      | 0 ||| qw: Do second Lair branch before Depths: true
     0 | D:1      | 0 ||| qw: Lair rune preference: random
     0 | D:1      | 0 ||| qw: Goals: Normal
     0 | D:1      | 0 ||| PLANNING D:1-11
   159 | D:1      | Reached XP level 2. HP: 17/17 MP: 2/2
   534 | D:1      | Reached XP level 3. HP: 21/21 MP: 3/3
   838 | D:1      | 838 ||| UPGRADING to +0 ring mail.
   848 | D:1      | 848 ||| DROPPING +0 leather armour.
   849 | D:1      | 849 ||| UPGRADING to amulet of guardian spirit.
   854 | D:1      | 854 ||| READING scroll labelled WIT FIDOUC.
   858 | D:1      | 858 ||| READING scroll labelled UNIGIA BEYG.
   859 | D:1      | 859 ||| READING scroll labelled DIEBANGEGG.
   860 | D:1      | 860 ||| DROPPING scroll of butterflies.
   913 | D:2      | Reached skill level 1 in Armour
  1253 | D:2      | Reached skill level 5 in Ranged Weapons
  1610 | D:2      | 1610 ||| READING 2 scrolls labelled JUKA QUCUTSI.
  1611 | D:2      | 1611 ||| READING scroll labelled BYCUIV PIOTTO.
  1612 | D:2      | 1612 ||| READING scroll labelled JEZEUT HANTEOM.
  1613 | D:2      | 1613 ||| READING 2 scrolls of identify.
  1613 | D:2      | 1613 ||| IDENTIFYING sedimented red potion
  1614 | D:2      | 1614 ||| DROPPING scroll of summoning.
  1731 | D:3      | Reached XP level 4. HP: 27/27 MP: 4/4
  1758 | D:3      | Reached skill level 3 in Fighting
  1791 | D:3      | 1791 ||| Stepping ~*~*~tactically~*~*~ (outnumbered).
  1839 | D:3      | 1839 ||| FLEEEEING.
  1844 | D:3      | Reached XP level 5. HP: 21/32 MP: 3/5
  1948 | D:3      | Noticed Grinder
  1959 | D:3      | Paralysed by Grinder for 5 turns
  1967 | D:3      | Killed Grinder
  1968 | D:3      | Reached skill level 7 in Ranged Weapons
  1968 | D:3      | Reached XP level 6. HP: 19/37 MP: 3/6
  2414 | D:3      | Noticed Terence
  2418 | D:3      | Killed Terence
  2716 | D:3      | 2716 ||| DRINKING 2 fuming brown potions.
  2717 | D:3      | 2717 ||| READING 4 scrolls of identify.
  2717 | D:3      | 2717 ||| IDENTIFYING bubbling silvery potion
  2718 | D:3      | 2718 ||| READING 3 scrolls of identify.
  2718 | D:3      | 2718 ||| IDENTIFYING bubbling sapphire potion
  2719 | D:3      | 2719 ||| READING 2 scrolls of identify.
  2719 | D:3      | 2719 ||| IDENTIFYING purple potion
  2720 | D:3      | 2720 ||| DROPPING potion of degeneration.
  2721 | D:3      | 2721 ||| DROPPING potion of lignification.
  2722 | D:3      | 2722 ||| DROPPING potion of brilliance.
  2723 | D:3      | 2723 ||| DROPPING potion of attraction.
  2813 | D:4      | Slain by an ogre

Levels and vault maps discovered:
D:1:      ldierk_walled_garden_2, layout_basic
D:2:      layout_basic, minmay_diced_spiral
D:3:      layout_basic, uniq_terence, uniq_grinder
D:4:      layout_loops_cross, ebering_ghost_rock_garden,
          minmay_misc_feat_four_crosses, bh_walls_and_bars

Skill      XL: |  1  2  3  4  5 |
---------------+----------------+-----
Armour         | 1 |  1.0
Ranged Weapons | 5 7 |  7.1
Fighting       | 3 |  3.6
Dodging        | |  1.5
Stealth        | |  1.1

Action                     |  1- 3 |  4- 6 || total
---------------------------+-------+-------++-------
   Fire: Shortbow          |   133 |   114 ||   247
    Use: Scroll            |     7 |     3 ||    10
         Potion            |       |     1 ||     1
 Armour: Leather armour    |     9 |       ||     9
         Ring mail         |    32 |    41 ||    73
  Dodge: Dodged            |    36 |    35 ||    71

Table legend:
 A = Non-vault XP
 B = Vault XP
 C = Vault XP percentage of total XP
 D = Non-vault monster count
 E = Vault monster count
 F = Vault count percentage of total count
                 A         B        C        D         E       F
            +---------+---------+-------+---------+---------+-------
      Total |     195 |     318 |  62.0 |      64 |       8 |  11.1
            +---------+---------+-------+---------+---------+-------
        D:1 |      36 |       0 |   0.0 |      19 |       0 |   0.0
        D:2 |      16 |      10 |  38.5 |       9 |       6 |  40.0
        D:3 |     141 |     308 |  68.6 |      35 |       2 |   5.4
        D:4 |       2 |       0 |   0.0 |       1 |       0 |   0.0
            +---------+---------+-------+---------+---------+-------
